 Dungeon Crawl Stone Soup version 0.18-a0-900-gbbf5c82 (webtiles) character file.

31 ThermosAquaticus the Vexing (level 3, -2/14 HPs)
             Began as a Felid Enchanter on Dec 24, 2015.
             Slain by an adder (4 damage)
             ... on level 2 of the Dungeon.
             The game lasted 00:04:51 (838 turns).

ThermosAquaticus the Vexing (Felid Enchanter)        Turns: 838, Time: 00:04:51

Health: -2/14      AC:  1    Str:  4    XL:     3   Next: 7%
Magic:  5/7        EV: 13    Int: 17    God:
Gold:   64         SH:  0    Dex: 16    Spells: 3 memorised, 0 levels left
                                        Lives:  0   Deaths: 0

rFire  . . .     SeeInvis +       - Unarmed
rCold  . . .     Gourm    .     (armour unavailable)
rNeg   . . .     Faith    .     (shield unavailable)
rPois  .         Spirit   .     (helmet unavailable)
rElec  .         Dismiss  .     (cloak unavailable)
rCorr  .         Reflect  .     (gloves unavailable)
SustAt .         Harm     .     (boots unavailable)
MR     .....                    (no amulet)
Stlth  +++.......               (no ring)
                                (no ring)

@: quick, not resistant to hostile enchantments, fairly stealthy
A: no armour, no weapons or thrown items, claws 1, fangs 3, see invisible,
carnivore 3, speed 1, shaggy fur 1, slow metabolism 1, sharp paws
a: no special abilities


You were on level 2 of the Dungeon.
You were completely stuffed.

You visited 1 branch of the dungeon, and saw 2 of its levels.

You collected 64 gold pieces.

Inventory:

Jewellery
 f - an uncursed ring of wizardry {unknown}
Scrolls
 d - 3 scrolls of identify {unknown}
 g - a scroll of immolation {unknown}
 h - a scroll of enchant weapon {unknown}
 i - 3 scrolls of enchant armour {unknown}
Potions
 c - 5 potions of heal wounds {unknown}
 e - a potion of curing {unknown}
Books
 a - a book of Maledictions

   Spells                             Type                      Level
   a - Corona                         Hexes                        1
   b - Ensorcelled Hibernation        Hexes/Ice                    2
   c - Confuse                        Hexes                        3
   d - Tukima's Dance                 Hexes                        3
   e - Dazzling Spray                 Conjuration/Hexes            3
Comestibles
 b - 2 meat rations
 j - 3 chunks of flesh


   Skills:
 - Level 2.6 Dodging
 - Level 4.0 Stealth
 * Level 2.8 Unarmed Combat
 - Level 2.0 Spellcasting
 - Level 4.4 Hexes
 + Level 0.5 Ice Magic


You couldn't memorise any spells.
You knew the following spells:

 Your Spells              Type           Power        Failure   Level  Hunger
a - Corona                Hex            ###....      3%          1    #......
b - Ensorcelled Hibernat  Hex/Ice        ##....       14%         2    ###....
c - Confuse               Hex            ###.....     12%         3    ###....


Dungeon Overview and Level Annotations

Branches:
Dungeon (2/15)

Altars:


Innate Abilities, Weirdness & Mutations

You cannot wear armour.
You are incapable of wielding weapons or throwing items.
You have sharp claws.
You have razor-sharp teeth.
You have supernaturally acute eyesight.
You are carnivorous and can eat meat at any time.
You cover ground quickly.
You are covered in fur (AC +1).
You have a slow metabolism.
Your sharp claws are effective at attacking unaware monsters.


Message History

A goblin comes into view. It is wielding a dagger.
The goblin shouts!
A bat comes into view.
Some of the chunks of flesh in your inventory have rotted away.
The helpless adder fails to defend itself.
You claw the adder!
The adder is severely wounded.
The adder bites you. x2
Casting: Ensorcelled Hibernation
Confirm with . or Enter, or press ? or * to list all spells.
Aiming: Ensorcelled Hibernation
Press: ? - help, Shift-Dir - straight line, f - adder
Aim: an adder (severely wounded, chance to defeat MR: 50%)
The adder resists with some effort.
The adder completely misses you. The goblin hits you with a dagger.
There is a stone staircase leading up here.
The adder bites you.
* * * LOW HITPOINT WARNING * * *
The adder bites you.
You die...

##...........#.##
.........>......
##..............
##.......#..#..#
.............#
#.........#
#.........#
#........l#
#.......S@#
#.......g.#
#.........#
.............
..###########...
.. ###


You could see an adder, a goblin and a giant newt.

Vanquished Creatures
  A gnoll (D:1)
  2 giant geckos (D:1)
  4 bats (D:1)
  A giant cockroach (D:1)
  A hobgoblin (D:1)
  A kobold (D:1)
  A giant newt (D:1)
  5 goblins (D:1)
  6 rats (D:1)
22 creatures vanquished.

Notes
Turn   | Place    | Note
--------------------------------------------------------------
     0 | D:1      | ThermosAquaticus the Felid Enchanter began the quest for the Orb.
     0 | D:1      | Reached XP level 1. HP: 7/7 MP: 4/4
   185 | D:1      | Reached XP level 2. HP: 11/11 MP: 6/6
   199 | D:1      | Learned a level 2 spell: Ensorcelled Hibernation
   535 | D:1      | Reached XP level 3. HP: 14/14 MP: 7/7
   543 | D:1      | Learned a level 3 spell: Confuse
   838 | D:2      | Slain by an adder

Vault maps used:
D:1:      dpeg_arrival_pond, dk_noncrumbling_3
D:2:      minmay_kobold_bridge, nicolae_overflow_crystal_walls,
          lemuel_crystal_altar

Action                   || total
-------------------------++-------
Melee: Unarmed           ||    41
 Cast: Corona            ||     5
       Ensorcelled Hiber ||    11
 Stab: Sleeping          ||    18
  Eat: Chunk             ||     8
